 Dungeon Crawl Stone Soup version 0.29.0-4-gdea44cf6ec (webtiles) character file.

Game seed: 15564290128280739851

1295 qw the Cleaver (level 8, -6/70 HPs)
             Began as a Minotaur Fighter on Sept 4, 2022.
             Mangled by an orc warrior
             ... wielding a +0 battleaxe
              (20 damage)
             ... on level 6 of the Dungeon.
             The game lasted 00:02:05 (4971 turns).

qw the Cleaver (Minotaur Fighter)                   Turns: 4971, Time: 00:02:05

Health: -6/70      AC:  6    Str: 24    XL:     8   Next: 30%
Magic:  7/7        EV: 11    Int:  8    God:
Gold:   360        SH: 10    Dex: 15    Spells: 7/7 levels left

rFire   . . .      SeeInvis .   Y - +0 war axe (freeze)
rCold   . . .      Faith    .   c - +0 buckler
rNeg    . . .      Spirit   .   i - +0 scale mail of Abstinence {rElec rPois Int+3 Stlth+}
rPois   +          Reflect  +   (helmet restricted)
rElec   +          Harm     .   (no cloak)
rCorr   .          Rampage  .   (no gloves)
Will    .....                   (no boots)
Stlth   +.........              p - amulet of reflection
HPRegen 0.21/turn               o - +6 ring of dexterity
MPRegen 0.10/turn               (no ring)

@: about to teleport
A: horns 2, retaliatory headbutt
a: no special abilities


You were on level 6 of the Dungeon.
You visited 1 branch of the dungeon, and saw 6 of its levels.

You collected 360 gold pieces.


Innate Abilities, Weirdness & Mutations

You have a pair of horns on your head.
You reflexively headbutt those who attack you in melee.


   Skills:
 - Level 6.0 Fighting
 + Level 10.6 Axes
 - Level 3.6 Armour
 - Level 3.2 Dodging
 - Level 3.6 Shields


You had 7 spell levels left.
You didn't know any spells.
Your spell library was empty.

Inventory:

Hand Weapons
 m - a +0 flail
 Y - a +0 war axe of freezing (weapon)
Armour
 b - a +3 chain mail of fire resistance
 c - a +0 buckler (worn)
 i - the +0 scale mail of Abstinence (worn) {rElec rPois Int+3 Stlth+}
   (You found it on level 5 of the Dungeon)

   Int:       It affects your intelligence (+3).
   rElec:     It insulates you from electricity.
   rPois:     It protects you from poison.
   Stlth:     It makes you more stealthy.
 l - a +0 chain mail
Jewellery
 e - a ring of resist corrosion
 j - a ring of fire
 o - a +6 ring of dexterity (left hand)
 p - an amulet of reflection (around neck)
Scrolls
 n - 2 scrolls of identify
Potions
 a - a potion of mutation
 d - 2 potions of might
 f - a potion of haste
 g - a potion of heal wounds
 h - 2 potions of curing
 k - a potion of brilliance {unknown}

Dungeon Overview and Level Annotations

Branches:
Dungeon (6/15)
 Temple: D:4-7

Altars:
Cheibriados
Nemelex Xobeh
Qazlal
Uskayaw
Vehumet
Wu Jian
Xom


Message History

You closely miss the orc.
The orc warrior shouts!
You hear a bark!
The orc completely misses you.
You hit the orc but do no damage.
A hound comes into view.
The orc barely misses you.
The hound barks!
You hit the orc but do no damage. You headbutt the orc.
The orc is heavily wounded.
The orc barely misses you. You furiously retaliate!
You headbutt the orc!
You kill the orc!
You barely miss the hound. You headbutt the hound!
The hound is moderately wounded.
You block the hound's attack.
You slice the hound!! You freeze the hound.
You kill the hound!
You hit the orc warrior. You freeze the orc warrior.
The orc warrior is lightly wounded.
The orc warrior barely misses you.
You barely miss the orc warrior.
The orc warrior is lightly wounded.
The orc warrior hits you with a +0 battleaxe!
You barely miss the orc warrior.
The orc warrior is lightly wounded.
The orc warrior hits you with a +0 battleaxe!!
You slash the orc warrior! You freeze the orc warrior.
The orc warrior is moderately wounded.
The orc warrior hits you with a +0 battleaxe!
You hit the orc warrior. You freeze the orc warrior.
The orc warrior is heavily wounded.
The orc warrior closely misses you.
You hit the orc warrior. You freeze the orc warrior.
You headbutt the orc warrior, but do no damage.
The orc warrior is severely wounded.
The orc warrior hits you with a +0 battleaxe.
4971 ||| READING scroll of teleportation.
As you read the scroll of teleportation, it crumbles to dust.
You feel strangely unstable.
The orc warrior hits you with a +0 battleaxe!!
You die...

#..# # # #..#.#
##. #..#.# #
#o..##..#.##:##
...o...........
#........#
#.#)###### .. #o#
#.# #@# # ###.# #
#...# # #.### #
###.### #.....#
##.###.########
#.. #........#
####..###.######.#


You could see an orc warrior.

Vanquished Creatures
  Edmund (D:6)
  2 ice beasts (D:5)
  An ogre (D:5)
  A centaur (D:5)
  A phantom (D:4)
  A kobold brigand (D:6)
  Blork the orc (D:6)
  A necrophage (D:3)
  A scorpion (D:6)
  2 howler monkeys
  3 orc priests (D:5)
  3 hounds (D:6)
  An iguana (D:6)
  An orc wizard (D:5)
  9 adders
  3 gnolls (D:6)
  A white imp (D:6)
  An ufetubus (D:5)
  A worm (D:2)
  2 dart slugs
  11 orcs
  7 bats
  5 endoplasms
  A giant cockroach (D:2)
  10 goblins
  5 hobgoblins
  11 kobolds
  4 quokkas
  8 ball pythons
  A frilled lizard (D:2)
  6 rats
106 creatures vanquished.

Notes
Turn   | Place    | Note
-------+----------+-------------------------------------------
     0 | D:1      | qw the Minotaur Fighter began the quest for the Orb.
     0 | D:1      | Reached XP level 1. HP: 19/19 MP: 0/0
     0 | D:1      | 0 ||| qw: Version: 0.1-a-103-gd6f5d3a
     0 | D:1      | 0 ||| qw: Game counter: 5745
     0 | D:1      | 0 ||| qw: Always use a shield: true
     0 | D:1      | 0 ||| qw: God list: Ru
     0 | D:1      | 0 ||| qw: Allow faded altars: false
     0 | D:1      | 0 ||| qw: Do Orc after D:15 true
     0 | D:1      | 0 ||| qw: Do second Lair branch before Depths: true
     0 | D:1      | 0 ||| qw: Lair rune preference: random
     0 | D:1      | 0 ||| qw: Plans: Normal
     0 | D:1      | 0 ||| PLANNING D:1-11
    25 | D:1      | Reached skill level 3 in Axes
    25 | D:1      | 25 ||| Stepping ~*~*~tactically~*~*~ (stealth).
    40 | D:1      | 40 ||| Stepping ~*~*~tactically~*~*~ (stealth).
   103 | D:1      | 103 ||| Stepping ~*~*~tactically~*~*~ (hiding).
   109 | D:1      | Reached XP level 2. HP: 25/26 MP: 1/1
   425 | D:1      | Reached skill level 4 in Axes
   436 | D:1      | 436 ||| DROPPING +0 club.
   722 | D:1      | Reached XP level 3. HP: 28/31 MP: 2/2
   965 | D:1      | 965 ||| READING scroll labelled JOWOUTUHIJO.
   966 | D:1      | 966 ||| READING scroll labelled NIATUE VE FIXUM.
  1054 | D:2      | 1054 ||| Stepping ~*~*~tactically~*~*~ (hiding).
  1403 | D:2      | 1403 ||| Stepping ~*~*~tactically~*~*~ (stealth).
  1419 | D:2      | 1419 ||| Stepping ~*~*~tactically~*~*~ (stealth).
  1449 | D:2      | Found a faded altar of an unknown god.
  1979 | D:2      | 1979 ||| DROPPING +0 mace.
  1980 | D:2      | 1980 ||| READING scroll labelled QERCHOOSTRIH.
  1981 | D:2      | 1981 ||| READING scroll labelled HUACWA RUYR.
  2064 | D:3      | Found a stormy altar of Qazlal.
  2091 | D:3      | Found a radiant altar of Vehumet.
  2121 | D:3      | Reached skill level 5 in Axes
  2224 | D:3      | 2224 ||| Stepping ~*~*~tactically~*~*~ (stealth).
  2225 | D:3      | 2225 ||| Stepping ~*~*~tactically~*~*~ (stealth).
  2226 | D:3      | 2226 ||| Stepping ~*~*~tactically~*~*~ (stealth).
  2270 | D:3      | Reached skill level 1 in Dodging
  2270 | D:3      | Reached XP level 4. HP: 39/39 MP: 3/3
  2353 | D:3      | Noticed a necrophage
  2364 | D:3      | Killed a necrophage
  2365 | D:3      | Reached skill level 6 in Axes
  2426 | D:3      | Reached XP level 5. HP: 45/45 MP: 4/4
  2432 | D:3      | Found a faded altar of an unknown god.
  2793 | D:3      | Found a snail-covered altar of Cheibriados.
  2794 | D:3      | 2794 ||| UPGRADING to +0 chain mail.
  2804 | D:3      | 2804 ||| DROPPING +0 scale mail.
  2805 | D:3      | 2805 ||| UPGRADING to amulet of reflection.
  2810 | D:3      | 2810 ||| UPGRADING to +6 ring of dexterity.
  2811 | D:3      | 2811 ||| READING scroll labelled ANWIUWIROPA.
  2812 | D:3      | 2812 ||| READING scroll labelled WIZUAWU POGRY.
  2813 | D:3      | 2813 ||| READING 3 scrolls of identify.
  2813 | D:3      | 2813 ||| IDENTIFYING amethyst potion
  2814 | D:3      | 2814 ||| READING 2 scrolls of identify.
  2814 | D:3      | 2814 ||| IDENTIFYING smoky white potion
  2871 | D:4      | Found a hide-covered altar of Uskayaw.
  2892 | D:4      | Noticed a phantom
  2903 | D:4      | Killed a phantom
  2904 | D:4      | Reached skill level 7 in Axes
  2950 | D:4      | Found a shimmering altar of Xom.
  3182 | D:4      | Reached XP level 6. HP: 53/53 MP: 5/5
  3262 | D:4      | 3262 ||| DRINKING 2 fizzy silvery potions.
  3263 | D:4      | 3263 ||| DRINKING 2 fuming sapphire potions.
  3368 | D:4      | 3368 ||| READING 4 scrolls of identify.
  3368 | D:4      | 3368 ||| IDENTIFYING emerald potion
  3369 | D:4      | 3369 ||| READING 3 scrolls of identify.
  3369 | D:4      | 3369 ||| IDENTIFYING ruby potion
  3370 | D:4      | 3370 ||| READING 2 scrolls of identify.
  3370 | D:4      | 3370 ||| IDENTIFYING blue potion
  3371 | D:4      | 3371 ||| DROPPING potion of flight.
  3372 | D:4      | 3372 ||| DROPPING potion of invisibility.
  3373 | D:4      | 3373 ||| DROPPING potion of berserk rage.
  3424 | D:3      | 3424 ||| READING scroll of teleportation.
  3489 | D:3      | 3489 ||| Stepping randomly (stuck).
  3514 | D:5      | Entered Level 5 of the Dungeon
  3559 | D:5      | Noticed an ice beast
  3569 | D:5      | Killed an ice beast
  3570 | D:5      | Reached skill level 8 in Axes
  3573 | D:5      | 3573 ||| READING scroll of brand weapon.
  3573 | D:5      | 3573 ||| BRANDING +0 war axe of venom.
  3585 | D:5      | Reached XP level 7. HP: 44/60 MP: 6/6
  3760 | D:5      | Found an ornate altar of the Wu Jian Council.
  3836 | D:5      | 3836 ||| Stepping ~*~*~tactically~*~*~ (stealth).
  3839 | D:5      | 3839 ||| Stepping ~*~*~tactically~*~*~ (hiding).
  3841 | D:5      | 3841 ||| Stepping ~*~*~tactically~*~*~ (hiding).
  3848 | D:5      | Reached skill level 9 in Axes
  3854 | D:5      | 3854 ||| Stepping ~*~*~tactically~*~*~ (hiding).
  3880 | D:5      | 3880 ||| Stepping ~*~*~tactically~*~*~ (stealth).
  3910 | D:5      | 3910 ||| Stepping ~*~*~tactically~*~*~ (hiding).
  4013 | D:5      | 4013 ||| Stepping ~*~*~tactically~*~*~ (stealth).
  4029 | D:5      | 4029 ||| Stepping ~*~*~tactically~*~*~ (stealth).
  4057 | D:5      | 4057 ||| Stepping ~*~*~tactically~*~*~ (stealth).
  4385 | D:5      | Found a sparkling altar of Nemelex Xobeh.
  4453 | D:5      | Identified the +0 scale mail of Abstinence {rElec rPois
                  | Int+3 Stlth+}
  4498 | D:5      | 4498 ||| UPGRADING to +0 scale mail of Abstinence {rElec
                  | rPois Int+3 Stlth+}.
  4508 | D:5      | 4508 ||| READING scroll labelled DONAVE JEIWISHEFYT.
  4509 | D:5      | 4509 ||| READING scroll labelled HEMYTO SEOJEAKK.
  4530 | D:6      | 4530 ||| Stepping ~*~*~tactically~*~*~ (stealth).
  4531 | D:6      | 4531 ||| Stepping ~*~*~tactically~*~*~ (stealth).
  4635 | D:6      | Noticed Edmund
  4646 | D:6      | 4646 ||| Stepping ~*~*~tactically~*~*~ (stealth).
  4649 | D:6      | Killed Edmund
  4650 | D:6      | Reached skill level 10 in Axes
  4650 | D:6      | Reached XP level 8. HP: 64/68 MP: 7/7
  4669 | D:6      | Reached skill level 3 in Dodging
  4722 | D:6      | 4722 ||| Stepping ~*~*~tactically~*~*~ (hiding).
  4782 | D:6      | 4782 ||| Stepping ~*~*~tactically~*~*~ (stealth).
  4815 | D:6      | Noticed Blork the orc
  4820 | D:6      | Killed Blork the orc
  4821 | D:6      | Reached skill level 6 in Fighting
  4951 | D:6      | 4951 ||| Stepping ~*~*~tactically~*~*~ (stealth).
  4952 | D:6      | 4952 ||| Stepping ~*~*~tactically~*~*~ (stealth).
  4955 | D:6      | 4955 ||| Stepping ~*~*~tactically~*~*~ (stealth).
  4959 | D:6      | 4959 ||| Stepping ~*~*~tactically~*~*~ (stealth).
  4970 | D:6      | HP: 14/70 [orc warrior/+0 battleaxe (6)]
  4971 | D:6      | 4971 ||| READING scroll of teleportation.
  4971 | D:6      | Mangled by an orc warrior

Levels and vault maps discovered:
D:1:      dpeg_arrival_tiny_c, layout_basic, st_stairs_7,
          chequers_serial_rivers_small_a
D:2:      layout_loops_corners, hellmonk_ecumenical_altar_crossroads
D:3:      layout_basic, nicolae_qazlal_scattered_showers,
          nicolae_overflow_ecumenical_swirl, vehumet_crystals
D:4:      layout_rooms, mainiacjoe_overflow_boulevard,
          eat_drink_and_be_merry_uskayaw
D:5:      layout_basic, nemelex_diamond_rough_becter, lemuel_tele_altar
D:6:      layout_loops_ring, grunt_dithmenos_smoke,
          gammafunk_temple_overflow_wave, temple_statues, serial_shops, shop,
          st_stairs_10, uniq_edmund, uniq_blork_the_orc

Skill      XL: |  1  2  3  4  5  6  7  8 |
---------------+-------------------------+-----
Axes           | 3 4 5 6 7 8 10 | 10.6
Dodging        | 1 2 3 |  3.2
Fighting       | 4 5 6 |  6.0
Armour         | |  3.6
Shields        | |  3.6

Action                   |  1- 3 |  4- 6 |  7- 9 || total
-------------------------+-------+-------+-------++-------
Melee: War axe           |    85 |    56 |   102 ||   243
       Headbutt          |    10 |     6 |    22 ||    38
Throw: Boomerang         |    21 |    39 |       ||    60
  Use: Scroll            |     4 |     9 |     3 ||    16
       Potion            |       |     2 |       ||     2
Armor: Scale mail        |    37 |     7 |     7 ||    51
       Chain mail        |       |     9 |    16 ||    25
Dodge: Dodged            |    33 |    14 |    24 ||    71
Block: Buckler           |    14 |    18 |    43 ||    75
       Reflection        |       |       |     4 ||     4

Table legend:
 A = Non-vault XP
 B = Vault XP
 C = Vault XP percentage of total XP
 D = Non-vault monster count
 E = Vault monster count
 F = Vault count percentage of total count
                 A         B        C        D         E       F
            +---------+---------+-------+---------+---------+-------
      Total |    1546 |     305 |  16.5 |     102 |       4 |   3.8
            +---------+---------+-------+---------+---------+-------
        D:1 |      43 |       2 |   4.4 |      27 |       1 |   3.6
        D:2 |      22 |       0 |   0.0 |      10 |       0 |   0.0
        D:3 |     163 |       0 |   0.0 |      18 |       0 |   0.0
        D:4 |     190 |       0 |   0.0 |       8 |       0 |   0.0
        D:5 |     782 |       0 |   0.0 |      22 |       0 |   0.0
        D:6 |     346 |     303 |  46.7 |      17 |       3 |  15.0
            +---------+---------+-------+---------+---------+-------
